 Dungeon Crawl Stone Soup version 0.32-a0-7-ge934b4519a (webtiles) character file.

Game seed: 18382846398668467444

3660 timneilson the Ruffian (level 10, -8/68 HPs)
             Began as an Octopode Shapeshifter on Jan 13, 2024.
             Was an Initiate of Gozag.
             Mangled by a wolf spider (20 damage)
             ... on level 9 of the Dungeon.
             The game lasted 00:16:48 (6942 turns).

timneilson the Ruffian (Octopode Shapeshifter)      Turns: 6942, Time: 00:16:49

Health: -8/68      AC:  1    Str: 20    XL:     10   Next: 12%
Magic:  0/10       EV: 15    Int: 13    God:    Gozag
Gold:   819        SH: 10    Dex: 17    Spells: 9/9 levels left

rFire   . .          .
                       - Unarmed
rCold   + . .        e - +1 kite shield of Agnosticism {rElec Str+2 SInv}
rNeg    . . .        (helmet currently unavailable)
rPois   .            E - amulet of guardian spirit
rElec   +            q - +6 ring of dexterity
rCorr   .            r - ring of protection from cold
SInv    +            t - ring of see invisible
Will    .....        B - ring of flight
Stlth   ++++         (no ring)
HPRegen 0.31/turn    (no ring)
MPRegen 0.12/turn    (no ring)
                     (no ring)

%: guardian spirit
@: beast-form, flying
A: beast (slay +3), almost no armour, amphibious, 8 rings, camouflage 1,
gelatinous body 1, (nimble swimmer 1), tentacles
a: Begin Untransformation, Renounce Religion, Potion Petition, Call Merchant,
Bribe Branch


You were on level 9 of the Dungeon.
You worshipped Gozag.
Gozag was pleased with you.
You were a hulking beast.
You visited 2 branches of the dungeon, and saw 10 of its levels.

You collected 886 gold pieces.
You paid 67 gold pieces to Gozag.

Inventory:

Armour
 e - the +1 kite shield of Agnosticism (worn) {rElec Str+2 SInv}
   (You acquired it on level 1 of the Dungeon)

   Str+2:     It affects your strength (+2).
   rElec:     It insulates you from electricity.
   SInv:      It lets you see invisible.
Jewellery
 p - a ring of ice
 q - a +6 ring of dexterity (left tentacle)
 r - a ring of protection from cold (right tentacle)
 t - a ring of see invisible (on tentacle)
 B - a ring of flight (on tentacle)
 C - a ring of wizardry
 E - an amulet of guardian spirit (around mantle)
Talismans
 b - a beast talisman
 c - a flux talisman
 l - a serpent talisman
 z - a talisman of death
Wands
 s - a wand of flame (37)
 v - a wand of iceblast (24)
 x - a wand of charming (8)
Scrolls
 i - 5 scrolls of immolation
 j - 7 scrolls of enchant weapon
 n - a scroll of fog
 u - a scroll of fear
 w - a scroll of vulnerability
 y - 3 scrolls of teleportation
 A - a scroll of revelation
 F - a scroll of brand weapon {unknown}
Potions
 a - a potion of lignification
 f - a potion of berserk rage
 g - 3 potions of cancellation
 h - 4 potions of haste
 k - 2 potions of enlightenment
 m - 2 potions of brilliance


   Skills:
 * Level 6.0 Fighting
 * Level 6.4 Dodging
 + Level 6.2 Stealth
 + Level 4.0 Shields
 * Level 6.8 Unarmed Combat
 + Level 3.7 Evocations
 * Level 6.4 Shapeshifting


You had 9 spell levels left.
You didn't know any spells.
Your spell library contained the following spells:

 Spells                   Type           Power      Damage    Failure   Level
 Inner Flame              Hex/Fire       0%         N/A       91%         3
 Volatile Blastmotes      Fire/Tloc      0%         2d10      91%         3
 Flame Wave               Conj/Fire      0%         2d4       100%        4
 Fulminant Prism          Conj/Alch      0%         3d5       100%        4
 Iskenderun's Mystic Bla  Conj/Tloc      0%         2d3       100%        4
 Sticky Flame             Fire/Alch      0%         2d4       100%        4
 Haunt                    Necr/Summ      0%         N/A       100%        7
 Malign Gateway           Summ/Tloc      0%         N/A       100%        7
 Borgnjor's Revivificati  Necr           0%         N/A       100%        8
 Summon Horrible Things   Summ           0%         N/A       100%        8
 Death's Door             Necr           0%         N/A       100%        9


Dungeon Overview and Level Annotations

Branches:
Dungeon (9/15)             Temple (1/1) D:5            Lair (0/5) D:8
    Orc: D:9-12

Altars:
Ashenzari
Cheibriados
Elyvilon
Fedhas
Gozag
Hepliaklqana
Kikubaaqudgha
Makhleb
Nemelex Xobeh
Okawaru
Qazlal
Ru
Sif Muna
Trog
Uskayaw
Vehumet
Wu Jian
Yredelemnul
Zin
The Shining One

Shops:
D:4 *

Annotations:
D:8 1 transporter, 3 runed translucent doors, Erica


Innate Abilities, Weirdness & Mutations

You are a hulking beast.
Your limbs bulge with bestial killing power. (Slay +3)
You cannot wear most types of armour.
You are amphibious.
You can wear up to eight rings at the same time.
Your skin changes colour to match your surroundings (Stealth+).
Your rubbery body absorbs attacks. (AC +1, EV +1)
((You are camouflaged when in or above water. (Stealth+)))
You have tentacles for arms and can constrict up to eight enemies at once.


Message History

Aim: a centaur warrior, wielding a +0 orcbow The mass of ice explodes!
The iceblast engulfs the centaur warrior!
The centaur warrior is moderately wounded.
You hear a skittering sound.
You hear two shouts!
You hear a shout! x4
You hear a bellow!
You hear a roar!
You bludgeon the centaur warrior!
The centaur warrior is heavily wounded.
The centaur warrior unwields a +0 orcbow.
You block the centaur warrior's attack. The centaur warrior kicks you.
A wolf spider comes into view.
You tentacle-slap the centaur warrior.
Your squeeze misses the centaur warrior.
The centaur warrior is heavily wounded.
You block the centaur warrior's attack. The centaur warrior kicks you.
You closely miss the centaur warrior. You squeeze the centaur warrior!
The centaur warrior is severely wounded.
The centaur warrior hits you. The centaur warrior closely misses you.
You bludgeon the centaur warrior!
You tentacle-slap the centaur warrior, but do no damage.
You squeeze the centaur warrior, but do no damage.
The centaur warrior is almost dead.
The centaur warrior hits you! You block the centaur warrior's attack.
The wolf spider misses you. The wolf spider bites you!
* * * LOW HITPOINT WARNING * * *
The centaur warrior wields a +0 orcbow.
The centaur warrior shoots an arrow.
The arrow barely misses you.
You see here a +0 dagger.
You bludgeon the wolf spider! You grab the wolf spider.
The wolf spider is lightly wounded.
You constrict the wolf spider. The wolf spider hits you!
* * * LOW HITPOINT WARNING * * *
The wolf spider barely misses you. You block the wolf spider's attack.
The wolf spider bites you!
* * * LOW HITPOINT WARNING * * *
You are lethally poisoned!
The wolf spider poisons you!
You feel better.
You constrict the wolf spider. The wolf spider hits you!!
You die...
Your body crumbles into a pile of gold.

#### ...
####.########
♣......c♣...#
♣.♣.♣)♣s♣.♣.#
♣.♣$♣h♣.♣.#
♣.♣)♣.♣.♣♣#
♣=.)♣...♣
##$######
#...# ♣c".♣


'<8>' .♣...♣♣ .D#...# You could see a wolf spider and a centaur warrior.

Vanquished Creatures
  Grinder (D:3)
  A wyvern (D:8)
  A steam dragon (D:8)
  2 water moccasins
  3 ice beasts
  2 orc warriors
  2 ogres (D:6)
  2 wolves (D:8)
  A phantom (D:6)
  A gnoll sergeant (D:8)
  2 bullfrogs
  3 scorpions
  10 wights
  6 killer bees
  2 howler monkeys
  2 jellies
  2 bombardier beetles (D:5)
  2 gnoll boudas
  A hound (D:4)
  3 orc priests
  Jessica (D:2)
  Natasha (thrice) (D:2)
  An iguana (D:6)
  6 orc wizards
  12 gnolls
  9 adders
  3 white imps
  4 dart slugs
  23 orcs
  3 ball pythons
  6 endoplasms
  4 giant cockroaches
  4 hobgoblins
  6 quokkas
  5 bats
  3 frilled lizards
  4 goblins
  5 kobolds
  8 rats
159 creatures vanquished.

Notes
Turn   | Place    | Note
-------+----------+-------------------------------------------
     0 | D:1      | timneilson the Octopode Shapeshifter began the quest for
                  | the Orb.
     0 | D:1      | Reached XP level 1. HP: 13/13 MP: 1/1
    23 | D:1      | Reached XP level 2. HP: 17/18 MP: 2/2
   688 | D:1      | Identified a scroll of acquirement
   688 | D:1      | Acquired the +1 kite shield of Agnosticism {rElec Str+2
                  | SInv}
   749 | D:2      | Reached XP level 3. HP: 18/23 MP: 3/3
   820 | D:2      | Reached skill level 1 in Stealth
   860 | D:2      | Noticed Natasha
   863 | D:2      | Killed Natasha
   890 | D:2      | Noticed Jessica
   903 | D:2      | Killed Jessica
   904 | D:2      | Reached XP level 4. HP: 18/29 MP: 4/4
  1056 | D:2      | Noticed Natasha
  1060 | D:2      | Killed Natasha
  1061 | D:2      | Reached XP level 5. HP: 34/34 MP: 5/5
  1138 | D:2      | Reached skill level 1 in Shields
  1310 | D:2      | Noticed Natasha
  1315 | D:2      | Killed Natasha
  1743 | D:3      | Noticed Grinder
  1751 | D:3      | Paralysed by Grinder for 3 turns
  1756 | D:3      | Killed Grinder
  1757 | D:3      | Reached XP level 6. HP: 13/41 MP: 6/6
  1892 | D:3      | Found a sparkling altar of Nemelex Xobeh.
  2157 | D:4      | Found Watagg's Assorted Antiques.
  2449 | D:4      | Reached XP level 7. HP: 33/46 MP: 7/7
  2605 | D:5      | Entered Level 5 of the Dungeon
  2994 | D:5      | Reached skill level 1 in Evocations
  3240 | D:5      | Found a staircase to the Ecumenical Temple.
  3246 | Temple   | Entered the Ecumenical Temple
  3271 | Temple   | Became a worshipper of Gozag Ym Sagoz the Greedy
  3525 | D:6      | Reached XP level 8. HP: 54/54 MP: 8/8
  3581 | D:6      | Reached skill level 5 in Unarmed Combat
  3769 | D:6      | Found the +8 storm bow {elec, penet}
  4046 | D:6      | Reached skill level 5 in Shapeshifting
  4465 | D:7      | Reached skill level 5 in Dodging
  4545 | D:7      | Reached XP level 9. HP: 59/59 MP: 9/9
  4759 | D:7      | Identified the +1 longbow "Lad Zogh" {freeze, rF+}
  4840 | D:7      | Reached skill level 5 in Stealth
  5163 | D:7      | Reached skill level 5 in Fighting
  5805 | D:8      | Found a staircase to the Lair.
  5957 | D:8      | Noticed a meliai
  5959 | D:8      | Noticed a centaur warrior
  5969 | D:8      | Noticed a white ugly thing
  5974 | D:8      | Found a transporter.
  5974 | D:8      | Noticed Erica
  5982 | D:8      | Noticed a centaur warrior
  6185 | D:8      | Found a runed translucent gate.
  6185 | D:8      | Found a runed translucent gate.
  6185 | D:8      | Found a runed translucent gate.
  6185 | D:8      | Noticed a cyan ugly thing
  6186 | D:8      | Noticed a brown ugly thing
  6186 | D:8      | Noticed a glowing orange brain
  6187 | D:8      | Noticed a purple ugly thing
  6330 | D:8      | HP: 1/62 [gnoll sergeant/+0 spear (5)]
  6526 | D:8      | Found a blossoming altar of Fedhas.
  6560 | D:8      | Reached XP level 10. HP: 49/68 MP: 8/10
  6662 | D:8      | Found an ornate altar of the Wu Jian Council.
  6663 | D:8      | Found a shimmering blue altar of Sif Muna.
  6794 | D:8      | Noticed a white ugly thing
  6794 | D:8      | Noticed a brown ugly thing
  6795 | D:8      | Noticed a red ugly thing
  6886 | D:9      | Noticed a two-headed ogre
  6891 | D:9      | Noticed a centaur warrior
  6924 | D:9      | Noticed a manticore
  6936 | D:9      | Noticed a wolf spider
  6942 | D:9      | Mangled by a wolf spider

Illustrated notes

Levels and vault maps discovered:
D:1:      spicycebolla_green_bress_n_ham_2, layout_basic, st_stairs_13
D:2:      layout_loops_cross, grunt_ministairs_14, kennysheep_jessica_study,
          uniq_natasha
D:3:      layout_rooms, mainiacjoe_overflow_boulevard, uniq_grinder
D:4:      layout_basic, serial_shops, shop
D:5:      layout_loops_cross, minmay_temple_entry_enclosed_plants
D:6:      layout_cave_pods
D:7:      layout_loops_cross, serial_bayou_pond_c
D:8:      gammafunk_the_bubble [the_bubble_gammafunk_crates], layout_basic,
          mainiacjoe_overflow_big_doors, fedhas_bush_and_centaur_altar,
          erik_lair_orcish_takeover,
          ploomutoo_gammafunk_ghost_potion_laboratory, uniq_erica
D:9:      nzn_winding_woodlands_stair_cross
          [nzn_winding_woodlands_5x15_lazy_stream,
          nzn_winding_woodlands_center_lodge,
          nzn_winding_woodlands_5x15_sidewinder,
          nzn_winding_woodlands_5x5_perimeter,
          nzn_winding_woodlands_5x5_closed_star,
          nzn_winding_woodlands_5x15_pool,
          nzn_winding_woodlands_center_pierced_h,
          nzn_winding_woodlands_5x15_crooked], layout_cave_pools,
          marbit_many_paths, serial_shops, shop_scrolls, chequers_avenue,
          chequers_serial_rivers_small_3, uniq_maggie
Temple:   regret_index_temple_sphere_string

Skill      XL: |  1  2  3  4  5  6  7  8  9 10 |
---------------+-------------------------------+-----
Stealth        | 1 2 3 4 6 |  6.2
Fighting       | 2 3 4 5 6 |  6.0
Shields        | 1 2 3 4 |  4.0
Dodging        | 3 4 5 6 |  6.4
Unarmed Combat | 4 5 6 |  6.8
Shapeshifting  | 4 5 6 |  6.4
Evocations     | 1 2 3 |  3.7

Action                     |  1- 3 |  4- 6 |  7- 9 | 10-12 || total
---------------------------+-------+-------+-------+-------++-------
  Melee: Unarmed           |    54 |    66 |   227 |    20 ||   367
         Tentacles         |    12 |    14 |    69 |     7 ||   102
         Constrict         |    13 |    21 |    57 |     8 ||    99
         Punch             |     1 |       |    14 |     2 ||    17
  Evoke: Wand              |       |       |       |     6 ||     6
    Use: Scroll            |     4 |     7 |     6 |       ||    17
         Potion            |       |       |     5 |     3 ||     8
   Stab: Sleeping          |     4 |     6 |     8 |       ||    18
         Distracted        |       |       |     1 |     3 ||     4
 Armour: Skin              |    17 |    24 |    84 |    12 ||   137
  Dodge: Dodged            |    25 |    20 |    92 |     8 ||   145
  Block: Kite shield       |     5 |    21 |   121 |     9 ||   156

Table legend: (Time is in decaauts)
 A = Elapsed time spent in this place.
 B = Non-inter-level travel time spent in this place.
 C = Inter-level travel time spent in this place.
 D = Time resting spent in this place.
 E = Time spent auto-exploring this place.
 F = Levels seen in this place.
 G = Mean time per level.
                   A        B        C        D        E       F      G
               +--------+--------+--------+--------+--------+-----+--------+
         Total |   6959 |   6740 |    219 |    628 |   4226 |  10 |  695.9 |
       Dungeon |   6908 |   6737 |    171 |    628 |   4226 |   9 |  767.6 |
        Temple |     50 |      2 |     48 |      0 |      0 |   1 |   50.0 |
               +--------+--------+--------+--------+--------+-----+--------+

Top non-repeatable levels by time:
     D:7: 1322 daAuts
     D:8: 1154 daAuts
     D:6: 930 daAuts
     D:2: 865 daAuts
     D:5: 803 daAuts
     D:1: 723 daAuts
     D:3: 556 daAuts
     D:4: 464 daAuts
     D:9: 87 daAuts
  Temple: 50 daAuts
